[Event "Titled Tuesday Blitz April 4 Late 2023"]
[White "Fiorito, Francisco"]
[Black "Leitao, Rafael"]
[WhiteFideId "180165"]
[BlackFideId "2101246"]
[WhiteElo "2341"]
[BlackElo "2609"]
[Result "1/2-1/2"]
[Round "09"]
[TimeControl "180+2"]
[Date "2023.04.04"]
[WhiteClock "0:00:18"]
[BlackClock "0:00:28"]

1. d4 Nf6 2. Bf4 g6 3. e3 Bg7 4. Nf3 d6 5. h3 O-O 6. Be2 b6 7. O-O Bb7 8. a4 a6 9. c3 Nbd7 10. Nbd2 Ne4 11. Bh2 Ndf6 12. Nxe4 Nxe4 13. Qc2 c5 14. Rfd1 Qc7 15. Qb3 Rac8 16. Rac1 c4 17. Qc2 Nf6 18. Nd2 b5 19. axb5 axb5 20. b3 Ba6 21. Ra1 Ra8 22. e4 e5 23. dxe5 dxe5 24. Ra2 Bb7 25. Rxa8 Rxa8 26. bxc4 bxc4 27. Nxc4 Nxe4 28. Rb1 Qc5 29. Bd3 Qc6 30. Bxe4 Qxe4 31. Qxe4 Bxe4 32. Re1 f6 33. Bxe5 Bxg2 34. Kxg2 fxe5 35. Nxe5 Rc8 36. Nf3 Bxc3 37. Rc1 Rc7 38. Rc2 Be5 39. Re2 Bf6 40. Re6 Kf7 41. Ra6 Re7 42. Ra2 Rc7 43. Rd2 Re7 44. Rc2 Rd7 45. Nd2 Kg7 46. Ne4 Re7 47. Kf3 Bd4 48. Rd2 Be5 49. Rd5 Bf6 50. Rd2 Be5 51. Ra2 Bf6 52. Ng3 Be5 53. Kg2 Bxg3 54. Kxg3 Rf7 55. Ra3 Rf5 56. Ra4 Rf7 57. Ra5 Re7 58. f3 Rf7 59. h4 Re7 60. Rc5 Rf7 61. Re5 Kf6 62. Re4 Kg7 63. Rd4 h6 64. Rd5 Re7 65. Ra5 Rf7 66. Ra4 Re7 67. Rd4 Rf7 68. Re4 Rd7 69. Rf4 Re7 70. Rd4 Rf7 1/2-1/2


[Site "https://www.chess.com"]

[Event "Titled Tuesday Blitz April 4 Late 2023"]
[White "Gadimbayli, Abdulla"]
[Black "Mortazavi, Ali"]
[WhiteFideId "13404938"]
[BlackFideId "401323"]
[WhiteElo "2390"]
[BlackElo "2339"]
[Result "1-0"]
[Round "09"]
[TimeControl "180+2"]
[Date "2023.04.04"]
[WhiteClock "0:00:57"]
[BlackClock "0:00:01"]

1. Nf3 Nf6 2. g3 g6 3. Bg2 Bg7 4. O-O O-O 5. d4 d6 6. c4 Nbd7 7. Nc3 e5 8. Re1 c6 9. e4 Qa5 10. d5 cxd5 11. cxd5 b5 12. Bd2 b4 13. Na4 Nb6 14. Nxb6 Qxb6 15. Qb3 Rb8 16. Rac1 Bd7 17. Be3 Qb7 18. Nd2 Rfc8 19. Bf1 Ng4 20. Nc4 Nxe3 21. Qxe3 Bf8 22. Na5 Qa8 23. Ba6 Rc5 24. Rxc5 dxc5 25. Bd3 Rb6 26. Nc4 Rf6 27. Nxe5 Bh3 28. Nc4 Bg4 29. e5 Rf3 30. Qe4 h5 31. Be2 Rf5 32. Ne3 Bxe2 33. Rxe2 Rg5 34. h4 1-0


[Site "https://www.chess.com"]

[Event "Titled Tuesday Blitz April 4 Late 2023"]
[White "Jimenez Almeida, Luis David"]
[Black "Bilych, Olexiy"]
[WhiteFideId "22242244"]
[BlackFideId "14156504"]
[WhiteElo "2245"]
[BlackElo "2320"]
[Result "0-1"]
[Round "09"]
[TimeControl "180+2"]
[Date "2023.04.04"]
[WhiteClock "0:00:12"]
[BlackClock "0:00:15"]

1. e4 c5 2. Nc3 Nc6 3. g3 g6 4. Bg2 Bg7 5. d3 d6 6. Be3 b5 7. Qd2 b4 8. Nd1 Rb8 9. Ne2 Nf6 10. h3 O-O 11. O-O Nd7 12. a3 b3 13. c3 Ba6 14. f4 Qc7 15. Nf2 e5 16. f5 c4 17. d4 exd4 18. cxd4 c3 19. Nxc3 Bxf1 20. Nd5 Qa5 21. Qxa5 Nxa5 22. Bxf1 Nf6 23. Nb4 Rfe8 24. fxg6 hxg6 25. Bd3 Rbc8 26. Re1 Nc4 27. Bc1 a5 28. Na6 Nd7 29. d5 Nxb2 30. Bb5 Red8 31. Bg5 Nf6 32. Ng4 Nxg4 33. Bxd8 Bd4+ 34. Kg2 Rc2+ 35. Kf3 Nh2+ 36. Kf4 Rf2+ 37. Kg5 Nf3+ 38. Kh6 Bg7# 0-1


[Site "https://www.chess.com"]

[Event "Titled Tuesday Blitz April 4 Late 2023"]
[White "koncheto"]
[Black "Bolourchifard, Farzad"]
[BlackFideId "12510084"]
[WhiteElo "2552"]
[BlackElo "2317"]
[Result "0-1"]
[Round "09"]
[TimeControl "180+2"]
[Date "2023.04.04"]
[WhiteClock "0:00:01"]
[BlackClock "0:00:05"]

1. e4 e5 2. Nf3 Nc6 3. Bc4 Bc5 4. c3 Nf6 5. d3 a6 6. Bb3 d6 7. O-O h6 8. Nbd2 O-O 9. h3 Re8 10. Re1 Be6 11. Nf1 d5 12. Ng3 Qd7 13. Be3 Bf8 14. Nh4 Rad8 15. Qf3 dxe4 16. dxe4 Bxb3 17. axb3 Qe6 18. b4 g6 19. Qe2 Qb3 20. Nf1 Nxe4 21. Bxh6 Bxh6 22. Qxe4 Qxb2 23. Ng3 Re6 24. Nf3 Qxc3 25. Qh4 Kg7 26. Qg4 Kf8 27. Qh4 Bg7 28. Ng5 Ree8 29. N3e4 Qd4 30. Rac1 f5 31. Nh7+ Kg8 32. Nef6+ Kf7 33. Qxd4 Rxd4 34. Nxe8 Kxe8 35. Ng5 Rxb4 36. Ne6 Bf6 37. Nxc7+ Kf7 38. Nd5 Rb5 39. Ne3 a5 40. Nc4 Rb4 41. Nd6+ Ke6 42. Nxb7 Rxb7 43. Rxc6+ Kf7 44. Ra6 Rb5 45. Ra1 Bd8 46. Ra4 e4 47. g3 Bb6 48. Ra2 Kf6 49. Rc2 Kg5 50. Kg2 Rc5 51. h4+ Kh5 0-1


[Site "https://www.chess.com"]

[Event "Titled Tuesday Blitz April 4 Late 2023"]
[White "Becerra, Juan David"]
[Black "Jaracz, Pawel"]
[WhiteFideId "4404998"]
[BlackFideId "1102222"]
[WhiteElo "2276"]
[BlackElo "2438"]
[Result "0-1"]
[Round "09"]
[TimeControl "180+2"]
[Date "2023.04.04"]
[WhiteClock "0:00:15"]
[BlackClock "0:01:16"]

1. e4 e5 2. Nf3 Nc6 3. Bb5 a6 4. Ba4 Nf6 5. d3 d6 6. c3 g6 7. O-O Bg7 8. Re1 O-O 9. Nbd2 Nh5 10. Bxc6 bxc6 11. Nc4 h6 12. d4 exd4 13. Nxd4 Bd7 14. Na5 c5 15. Ndb3 Re8 16. Bd2 Qh4 17. f3 Be5 18. f4 Nxf4 19. Nc4 Bg4 20. Qc2 Ne2+ 21. Rxe2 Qxh2+ 22. Kf2 Bg3+ 23. Ke3 Bf4+ 24. Kf2 Bxe2 25. Bxf4 Qxf4+ 26. Kxe2 Rxe4+ 27. Kd3 Qf5 0-1


[Site "https://www.chess.com"]

[Event "Titled Tuesday Blitz April 4 Late 2023"]
[White "Cuenca Jimenez, Jose Fernando"]
[Black "Bellahcene, Bilel"]
[WhiteFideId "2255570"]
[BlackFideId "696358"]
[WhiteElo "2429"]
[BlackElo "2566"]
[Result "0-1"]
[Round "09"]
[TimeControl "180+2"]
[Date "2023.04.04"]
[WhiteClock "0:00:03"]
[BlackClock "0:00:38"]

1. c4 b6 2. d4 g6 3. e4 Bg7 4. Nc3 Bb7 5. Nf3 d6 6. g3 Nd7 7. Bg2 e6 8. O-O Ne7 9. Be3 h6 10. Qd2 a6 11. h4 Nf6 12. Qc2 Ng4 13. Bd2 e5 14. d5 O-O 15. h5 g5 16. Ne1 Nf6 17. Qd1 Bc8 18. Bf3 g4 19. Be2 Qd7 20. Kg2 c6 21. Rh1 b5 22. dxc6 Nxc6 23. cxb5 Nd4 24. b6 Nxe4 25. Nxe4 Bb7 26. Bd3 f5 27. Kg1 fxe4 28. Bc4+ d5 29. Be2 Nxe2+ 30. Qxe2 d4 31. Ng2 Qd5 32. Rh2 Rf3 33. Rh4 e3 34. fxe3 d3 35. Qe1 Qe4 36. Rh2 Raf8 37. Nh4 R3f6 38. Rc1 Rxb6 39. b3 Rc6 40. Rxc6 Bxc6 41. Qc1 Bd5 42. Qd1 Kh7 43. Rg2 Bf6 44. Rh2 Bxh4 45. gxh4 g3 0-1


[Site "https://www.chess.com"]

[Event "Titled Tuesday Blitz April 4 Late 2023"]
[White "Annaberdiyev, Meylis"]
[Black "Aggelis, Nikolaos"]
[WhiteFideId "14000563"]
[BlackFideId "4213220"]
[WhiteElo "2416"]
[BlackElo "2189"]
[Result "1-0"]
[Round "09"]
[TimeControl "180+2"]
[Date "2023.04.04"]
[WhiteClock "0:00:07"]
[BlackClock "0:00:05"]

1. e4 c5 2. Nc3 g6 3. f4 Bg7 4. Nf3 Nc6 5. Bb5 Nd4 6. O-O a6 7. Bc4 b5 8. Bd5 Rb8 9. e5 e6 10. Ne4 exd5 11. Nd6+ Kf8 12. f5 Nxf5 13. d4 Nxd6 14. exd6 cxd4 15. Ng5 Nf6 16. Qxd4 Qb6 17. Be3 Qxd4 18. Bxd4 h6 19. Nf3 Ne4 20. Ne5 Bxe5 21. Bxe5 Rh7 22. a4 f6 23. axb5 Rxb5 24. Rac1 Rf7 25. Bd4 f5 26. c4 dxc4 27. Rxc4 Bb7 28. Rfc1 Bc6 29. Be3 Nxd6 30. Bc5 Ke7 31. Re1+ Be4 32. Rd1 Rf6 33. b4 Re6 34. Rcd4 Rxc5 35. bxc5 Nb5 36. Rxd7+ Kf6 37. Ra7 Rc6 38. Rh7 h5 39. h4 Rxc5 40. Ra1 Rc6 41. Ra5 Rd6 42. Kh2 Nd4 43. Ra7 Ne2 44. R5xa6 Rxa6 45. Rxa6+ Kg7 46. Ra7+ Kh6 47. Ra6 Nf4 48. g3 Nd3 49. Ra3 Ne5 50. Kg1 Nf3+ 51. Kf2 Ne5 52. Ke3 Ng4+ 53. Kf4 Nf2 54. Ra7 Nd3+ 55. Ke3 Ne5 56. Kf4 Nc4 57. Rc7 Nd2 58. Ke5 Nf3+ 59. Kf6 f4 60. Rc8 fxg3 61. Rh8# 1-0


[Site "https://www.chess.com"]

[Event "Titled Tuesday Blitz April 4 Late 2023"]
[White "Makaraci, Tunahan"]
[Black "Papp, Levente"]
[WhiteFideId "6356559"]
[BlackFideId "751243"]
[WhiteElo "2160"]
[BlackElo "2380"]
[Result "0-1"]
[Round "09"]
[TimeControl "180+2"]
[Date "2023.04.04"]
[WhiteClock "0:00:15"]
[BlackClock "0:00:40"]

1. e4 e6 2. d4 d5 3. Nc3 Bb4 4. Ne2 Ne7 5. a3 Ba5 6. exd5 exd5 7. g3 c6 8. Bg2 O-O 9. O-O Bf5 10. b4 Bc7 11. Bf4 Nd7 12. Bxc7 Qxc7 13. Nf4 Nb6 14. Re1 Rfe8 15. Nd3 Ng6 16. Qh5 Bxd3 17. cxd3 Re7 18. Qg4 Rae8 19. Rxe7 Qxe7 20. h4 Qf6 21. h5 Nf8 22. a4 Nc8 23. a5 Ne6 24. Re1 Nd6 25. Nxd5 cxd5 26. Bxd5 Nxd4 27. Rxe8+ Nxe8 28. Qc8 Qe7 29. Bxb7 Kf8 30. Qc5 Qxc5 31. bxc5 Nb3 32. c6 Nxa5 33. d4 Ke7 0-1


[Site "https://www.chess.com"]

[Event "Titled Tuesday Blitz April 4 Late 2023"]
[White "Di Berardino, Diego Rafael"]
[Black "Romkachess"]
[WhiteFideId "2105446"]
[WhiteElo "2432"]
[BlackElo "2475"]
[Result "0-1"]
[Round "09"]
[TimeControl "180+2"]
[Date "2023.04.04"]
[WhiteClock "0:00:01"]
[BlackClock "0:00:32"]

1. e4 c5 2. Nc3 Nc6 3. Nf3 a6 4. d4 cxd4 5. Nxd4 e6 6. Nxc6 bxc6 7. Bd3 d5 8. O-O Nf6 9. Qe2 Be7 10. b3 O-O 11. Bb2 d4 12. Nb1 e5 13. Nd2 Be6 14. Nc4 Nd7 15. Rad1 f6 16. c3 c5 17. f4 Qc7 18. f5 Bf7 19. g4 Rfb8 20. h4 a5 21. Kh1 a4 22. Bc2 axb3 23. axb3 Ra2 24. Rg1 Nb6 25. Nxb6 Qxb6 26. Rb1 c4 27. g5 d3 28. Bxd3 cxd3 29. Qxd3 Rd8 30. Qf3 Kf8 31. g6 hxg6 32. fxg6 Be6 33. Bc1 Qf2 34. Qxf2 Rxf2 35. c4 Rd3 36. Rg2 Rf1+ 37. Kh2 Rh3# 0-1


[Site "https://www.chess.com"]

[Event "Titled Tuesday Blitz April 4 Late 2023"]
[White "Baskakov, Egor"]
[Black "Moral Garcia, Serafin"]
[WhiteFideId "24197866"]
[BlackFideId "2201925"]
[WhiteElo "2212"]
[BlackElo "2274"]
[Result "1-0"]
[Round "09"]
[TimeControl "180+2"]
[Date "2023.04.04"]
[WhiteClock "0:00:55"]
[BlackClock "0:00:01"]

1. e4 e5 2. Nc3 Nf6 3. g3 d5 4. exd5 Nxd5 5. Bg2 Nxc3 6. bxc3 Nc6 7. d3 Bc5 8. Ne2 O-O 9. O-O Bb6 10. h3 Be6 11. c4 Qd7 12. Kh2 Rab8 13. f4 f6 14. Bb2 Rbd8 15. Bc3 Rfe8 16. g4 exf4 17. Nxf4 Bf7 18. Nd5 Bd4 19. Qd2 Bxc3 20. Qxc3 Re6 21. Rae1 Rde8 22. Kg1 Qd6 23. Rxe6 Rxe6 24. Qd2 h6 25. Qf2 b6 26. h4 Ne5 27. Qg3 c6 28. Nf4 Re8 29. g5 fxg5 30. hxg5 hxg5 31. Qxg5 Qd8 32. Qxd8 Rxd8 33. a4 c5 34. a5 Rb8 35. Rb1 Kf8 36. Nd5 Bxd5 37. Bxd5 Ke7 38. Kf2 Kd6 39. axb6 axb6 40. Rg1 g6 41. Ke3 b5 42. d4 Nxc4+ 43. Bxc4 bxc4 44. Rxg6+ Kc7 45. dxc5 Rb2 46. c3 Rh2 47. Kd4 Rh4+ 48. Kd5 Rh5+ 49. Kxc4 Rh1 50. Ra6 Rg1 51. Ra4 Kc6 52. Ra6+ Kc7 53. Rd6 Rh1 54. Rg6 Rf1 55. c6 Rh1 56. Kb4 Rf1 57. c4 Rb1+ 58. Kc5 Rh1 59. Rg7+ Kc8 60. Kb5 Rf1 61. c7 Rh1 62. c5 1-0


[Site "https://www.chess.com"]

[Event "Titled Tuesday Blitz April 4 Late 2023"]
[White "Bruedigam, Martin"]
[Black "Timofeev, Artyom"]
[WhiteFideId "24608033"]
[BlackFideId "4140419"]
[WhiteElo "2331"]
[BlackElo "2586"]
[Result "0-1"]
[Round "09"]
[TimeControl "180+2"]
[Date "2023.04.04"]
[WhiteClock "0:00:01"]
[BlackClock "0:00:05"]

1. d4 d5 2. c4 e6 3. Nc3 c6 4. cxd5 exd5 5. Bf4 Bd6 6. Bxd6 Qxd6 7. e3 Bf5 8. Qb3 Qe7 9. Nge2 Nf6 10. Ng3 Bg6 11. h4 h6 12. Nce2 O-O 13. Nf4 Bh7 14. Bd3 Bxd3 15. Qxd3 Qb4+ 16. Qd2 Qxd2+ 17. Kxd2 Nbd7 18. Nf5 g6 19. Ng3 h5 20. f3 Kg7 21. Nd3 Rfe8 22. Ne2 Re7 23. Nef4 Rae8 24. Rhe1 Nb6 25. b3 Nc8 26. a4 Nd6 27. Ne5 Nf5 28. Rh1 Nd7 29. Nfd3 f6 30. Nxd7 Rxd7 31. Nc5 Rde7 32. e4 dxe4 33. Nxe4 Nxd4 34. Kc3 Rd8 35. Rae1 Re5 36. b4 a5 37. Rd1 axb4+ 38. Kxb4 Red5 39. Nc3 R5d7 40. Kc4 Ne6 41. Rxd7+ Rxd7 42. Re1 Kf7 43. Ne2 Rd2 44. Kc3 Rd7 45. Rb1 g5 46. hxg5 fxg5 47. Ng3 Kg6 48. Ne4 h4 49. a5 Rd5 50. Rb2 Rxa5 51. Rxb7 Ra2 52. Rb6 Rxg2 53. Rxc6 Kf5 54. Nd6+ Ke5 55. Nf7+ Kf5 56. Nh6+ Kf6 57. Ng4+ Ke7 58. Kd3 h3 59. Rc1 Nf4+ 60. Ke4 Ke6 0-1


[Site "https://www.chess.com"]

[Event "Titled Tuesday Blitz April 4 Late 2023"]
[White "Korkmaz, Necmettin"]
[Black "Pakleza, Zbigniew"]
[WhiteFideId "6303285"]
[BlackFideId "1119290"]
[WhiteElo "2097"]
[BlackElo "2410"]
[Result "1-0"]
[Round "09"]
[TimeControl "180+2"]
[Date "2023.04.04"]
[WhiteClock "0:01:15"]
[BlackClock "0:00:03"]

1. e4 d5 2. exd5 Nf6 3. d4 Nxd5 4. c4 Nb6 5. Nf3 Bg4 6. c5 N6d7 7. Bc4 e6 8. O-O Nc6 9. Be3 Bxf3 10. Qxf3 Qf6 11. Qe4 Qg6 12. Qf3 Be7 13. Nc3 O-O 14. Rad1 Rad8 15. Bd3 Qf6 16. Qh3 g6 17. g3 Nb4 18. Ne4 Qf5 19. Qxf5 gxf5 20. Ng5 Nxd3 21. Rxd3 Nxc5 22. Rc3 Na6 23. Nf3 c6 24. a3 Nc7 25. Rb3 Nb5 26. a4 Nd6 27. Bf4 Rd7 28. Ne5 Rc7 29. Nc4 Rd8 30. Na5 b6 31. Nc4 f6 32. Rc1 Kf7 33. a5 b5 34. Nxd6+ Bxd6 35. Bxd6 Rxd6 36. Rxb5 Rxd4 37. Rb8 c5 38. b4 c4 39. b5 e5 40. b6 axb6 41. axb6 Rc6 42. b7 Rb6 43. Rh8 Rxb7 44. Rxh7+ Kg6 45. Rxb7 1-0


[Site "https://www.chess.com"]

[Event "Titled Tuesday Blitz April 4 Late 2023"]
[White "Hansen, Sune Berg"]
[Black "Goltseva, Ekaterina"]
[WhiteFideId "1400266"]
[BlackFideId "24173770"]
[WhiteElo "2706"]
[BlackElo "2200"]
[Result "1-0"]
[Round "09"]
[TimeControl "180+2"]
[Date "2023.04.04"]
[WhiteClock "0:01:12"]
[BlackClock "0:00:02"]

1. Nf3 d5 2. g3 Nf6 3. Bg2 e6 4. O-O c5 5. d3 Nc6 6. Bf4 g6 7. e4 Bg7 8. Qe2 O-O 9. c3 b6 10. e5 Nd7 11. h4 h6 12. Re1 a5 13. a4 Ba6 14. Na3 Rc8 15. Nb5 Bxb5 16. axb5 Ne7 17. Rad1 Nf5 18. Bh3 Qe7 19. c4 Nd4 20. Nxd4 cxd4 21. cxd5 exd5 22. e6 Nc5 23. exf7+ Qxf7 24. Bxc8 Rxc8 25. Qe7 Qf5 26. Be5 Bxe5 27. Rxe5 Qf3 28. Rf1 Rf8 29. Qd6 Rf6 30. Qxd5+ Qxd5 31. Rxd5 Nxd3 32. Rxd4 Nxb2 33. Rb1 1-0


[Site "https://www.chess.com"]

[Event "Titled Tuesday Blitz April 4 Late 2023"]
[White "Weetik, Vjacheslav"]
[Black "Romero Pallares, Daniel"]
[WhiteFideId "4153472"]
[BlackFideId "32025637"]
[WhiteElo "2469"]
[BlackElo "2195"]
[Result "1-0"]
[Round "09"]
[TimeControl "180+2"]
[Date "2023.04.04"]
[WhiteClock "0:00:21"]
[BlackClock "0:00:49"]

1. d4 c5 2. d5 e5 3. Nc3 d6 4. e4 a6 5. a4 Be7 6. Be2 g6 7. f4 exf4 8. Bxf4 Bg5 9. Qd2 Bxf4 10. Qxf4 Qf6 11. Qg3 Nd7 12. Nf3 Qe7 13. O-O f6 14. a5 Nh6 15. Na4 Nf7 16. Nd2 O-O 17. c3 Kg7 18. b4 cxb4 19. cxb4 Rb8 20. Nc4 Nde5 21. Ne3 Bd7 22. Nb6 Ng5 23. Rf4 Kh8 24. Rc1 Bb5 25. Bxb5 axb5 26. h4 Ngf7 27. Rc3 Rbe8 28. Rf1 Qd8 29. Rfc1 Nd7 30. Rc8 Qe7 31. R8c7 Qe5 32. Qxe5 Nfxe5 33. Nxd7 Nd3 34. Nxf8 1-0


[Site "https://www.chess.com"]

[Event "Titled Tuesday Blitz April 4 Late 2023"]
[White "Jimenez Jimenez, Leandro"]
[Black "Sieciechowicz, Marcin"]
[WhiteFideId "6415253"]
[BlackFideId "1130170"]
[WhiteElo "2263"]
[BlackElo "2302"]
[Result "0-1"]
[Round "09"]
[TimeControl "180+2"]
[Date "2023.04.04"]
[WhiteClock "0:00:10"]
[BlackClock "0:01:32"]

1. d4 Nf6 2. c4 g6 3. Nc3 Bg7 4. e4 d6 5. f3 O-O 6. Be3 c5 7. Nge2 Nc6 8. d5 Ne5 9. Ng3 h5 10. Be2 h4 11. Nf1 e6 12. Nd2 exd5 13. cxd5 Bd7 14. a4 a6 15. O-O h3 16. g4 b5 17. axb5 axb5 18. Rxa8 Qxa8 19. Nxb5 Bxb5 20. Bxb5 Qb7 21. Be2 Qxb2 22. f4 Nexg4 23. Bxg4 Nxe4 24. Bf3 Bd4 25. Nxe4 Bxe3+ 26. Kh1 Bxf4 27. Rf2 Qe5 28. Re2 Ra8 29. Nxc5 Qc3 30. Nb3 Qxf3+ 31. Kg1 Be3+ 0-1


[Site "https://www.chess.com"]

[Event "Titled Tuesday Blitz April 4 Late 2023"]
[White "Martins, Bruno Andre Leite"]
[Black "reevecanada"]
[WhiteFideId "1942255"]
[WhiteElo "2240"]
[BlackElo "2454"]
[Result "0-1"]
[Round "09"]
[TimeControl "180+2"]
[Date "2023.04.04"]
[WhiteClock "0:00:14"]
[BlackClock "0:00:54"]

1. e4 c5 2. Nf3 d6 3. d4 cxd4 4. Nxd4 Nf6 5. Nc3 a6 6. Bd3 e5 7. Nf5 Bxf5 8. exf5 d5 9. Bg5 Be7 10. Bxf6 Bxf6 11. Be2 d4 12. Ne4 Qa5+ 13. c3 dxc3 14. bxc3 Be7 15. O-O O-O 16. Bd3 f6 17. Bc4+ Kh8 18. Qb3 Qc7 19. Bd5 Nc6 20. Rab1 Rab8 21. Rfd1 Rfd8 22. Qc4 Rd7 23. Bxc6 Rxd1+ 24. Rxd1 Qxc6 25. Qxc6 bxc6 26. h4 Rd8 27. Rb1 g6 28. g4 gxf5 29. gxf5 Rg8+ 30. Ng3 Rg4 31. Rb6 Rxg3+ 32. Kf1 Rxc3 33. Rxa6 Rc2 34. a4 Kg7 35. Ra7 Kf7 36. a5 Ra2 37. a6 c5 38. Ra8 c4 39. Rc8 Rxa6 40. Rxc4 Ra8 41. Kg2 Rg8+ 42. Kh3 h5 43. f3 Rd8 44. Rc7 Rd3 45. Kg2 Rd2+ 46. Kg3 Kf8 47. Rc8+ Rd8 48. Rc7 e4 49. Rc3 Rd3 50. Rc8+ Kf7 51. Kf4 exf3 52. Rc2 Ra3 53. Ke4 Bd6 54. Rf2 Bg3 55. Rc2 Bxh4 56. Rc7+ Kg8 57. Kd5 f2 58. Rc8+ Kh7 59. Rc7+ Kh6 60. Rc1 Re3 61. Rf1 Re1 62. Rxf2 Bxf2 63. Kd6 Kg5 64. Kd7 h4 65. Kc6 h3 66. Kb7 h2 67. Ka8 h1=Q+ 68. Kb8 Qf1 69. Kc7 Qc4+ 70. Kd6 Rd1+ 71. Ke7 Bc5+ 72. Ke8 Qe4+ 73. Kf7 Rd7+ 74. Kg8 Qe8# 0-1


[Site "https://www.chess.com"]

[Event "Titled Tuesday Blitz April 4 Late 2023"]
[White "marik_spb"]
[Black "Gontcharov, Vladislav"]
[BlackFideId "4123492"]
[WhiteElo "2432"]
[BlackElo "2420"]
[Result "1-0"]
[Round "09"]
[TimeControl "180+2"]
[Date "2023.04.04"]
[WhiteClock "0:00:04"]
[BlackClock "0:00:12"]

1. e4 e6 2. d4 d5 3. e5 c5 4. c3 Nc6 5. Nf3 Nge7 6. Bd3 cxd4 7. cxd4 Nf5 8. Be3 Qb6 9. O-O Qxb2 10. Nbd2 Nxe3 11. fxe3 Be7 12. Qe2 O-O 13. a4 Nb4 14. Rab1 Qc3 15. Rb3 Qc7 16. Rxb4 Bxb4 17. Bxh7+ Kh8 18. Ng5 g6 19. Ndf3 Kg7 20. Qf2 Qe7 21. h4 Bd7 22. h5 Rh8 23. Qg3 Rxh7 24. Nxh7 Kxh7 25. Ng5+ Kg7 26. Rxf7+ Qxf7 27. Nxf7 Kxf7 28. Qxg6+ Ke7 29. Qg7+ Kd8 30. h6 Kc7 31. h7 a5 32. h8=Q Rxh8 33. Qxh8 Bxa4 34. g4 Bc2 35. Qg7+ Kc6 36. Qf7 Be4 37. Qxe6+ Kb5 38. Qd7+ Kc4 39. Qxb7 a4 40. Qa6+ Kb3 41. g5 a3 42. g6 Bxg6 43. Qxg6 a2 44. Qd3+ Kb2 45. Qe2+ Kb3 46. Qd1+ Kb2 47. Qe2+ Kb3 48. Qd1+ Kb2 49. Kf2 a1=Q 50. Qxa1+ Kxa1 51. e4 dxe4 52. Ke3 Kb2 53. Kxe4 Kc3 54. d5 Kc4 55. d6 Kb5 56. Kd5 Kb6 57. Ke6 Kb7 58. Kd7 1-0


[Site "https://www.chess.com"]

[Event "Titled Tuesday Blitz April 4 Late 2023"]
[White "Han, Yichen"]
[Black "Fernandez Sanchez, Mario Andres"]
[WhiteFideId "1054430"]
[BlackFideId "6501621"]
[WhiteElo "2342"]
[BlackElo "2050"]
[Result "1-0"]
[Round "09"]
[TimeControl "180+2"]
[Date "2023.04.04"]
[WhiteClock "0:00:04"]
[BlackClock "0:01:00"]

1. c4 c5 2. Nf3 Nf6 3. Nc3 Nc6 4. e4 g6 5. d3 d6 6. g3 Bg7 7. Bg2 O-O 8. O-O Bg4 9. Be3 e5 10. h3 Bxf3 11. Qxf3 Nd4 12. Bxd4 cxd4 13. Ne2 a6 14. a4 Qb6 15. Rfb1 Qb4 16. g4 b5 17. b3 Rfb8 18. axb5 axb5 19. Rxa8 Rxa8 20. cxb5 Qxb5 21. Ng3 Ra3 22. Qd1 Nd7 23. Qc2 Nc5 24. b4 Qxd3 25. Qxd3 Nxd3 26. b5 Ra7 27. Bf1 Nc5 28. Bc4 Bh6 29. b6 Rb7 30. Bd5 Rb8 31. b7 d3 32. Kf1 Bf4 33. Ra1 Nxb7 34. Rb1 Rc8 35. Bxb7 Rc2 36. Rd1 d2 37. Ke2 Kg7 38. Nf1 h5 39. Bd5 hxg4 40. hxg4 f6 41. Nxd2 Kh6 42. Kd3 Rb2 43. f3 Kg5 44. Nc4 Rf2 45. Nxd6 Rxf3+ 46. Ke2 Re3+ 47. Kf2 Ra3 48. Be6 Ra6 49. Nf7+ Kh4 50. Rh1+ 1-0


[Site "https://www.chess.com"]

[Event "Titled Tuesday Blitz April 4 Late 2023"]
[White "Pires, Marcos Vinicius Torsani"]
[Black "Adewumi, Tanitoluwa"]
[WhiteFideId "2118939"]
[BlackFideId "30966396"]
[WhiteElo "2273"]
[BlackElo "2697"]
[Result "0-1"]
[Round "09"]
[TimeControl "180+2"]
[Date "2023.04.04"]
[WhiteClock "0:00:11"]
[BlackClock "0:00:04"]

1. d4 Nf6 2. Bf4 e6 3. e3 c5 4. c3 Nc6 5. Nd2 d5 6. Ngf3 Bd6 7. Bg3 O-O 8. Bd3 Qc7 9. dxc5 Bxg3 10. hxg3 Ne7 11. Nb3 Bd7 12. Qc2 g6 13. O-O-O Ba4 14. Rh4 Bxb3 15. Qxb3 Qxc5 16. Rdh1 a6 17. Ng5 h5 18. Qb4 Qc7 19. Qf4 Qxf4 20. gxf4 Ng4 21. Rf1 Rac8 22. Kb1 b5 23. a3 Rb8 24. Be2 Nf5 25. Rhh1 Nf6 26. Bd3 Rfc8 27. Bxf5 exf5 28. Nf3 a5 29. Rc1 Ne4 30. Rhf1 b4 31. cxb4 Rxc1+ 32. Kxc1 axb4 33. Nd2 bxa3 34. bxa3 Rc8+ 35. Kd1 Ra8 36. Nb1 Rc8 37. f3 Nc3+ 38. Kc2 Nxb1+ 39. Kxb1 Rc3 40. Kb2 Rxe3 41. Rc1 Kf8 42. a4 Ke7 43. a5 Kd6 44. a6 Re8 45. Ra1 Ra8 46. Kc3 Kc5 47. Kd3 Ra7 48. Ra2 f6 49. Kc3 h4 50. Kd3 g5 51. Ke3 g4 52. Kf2 g3+ 53. Ke3 Kc4 54. Ra1 d4+ 55. Kd2 Kb5 56. Kd3 Rxa6 57. Rb1+ Kc5 58. Rc1+ Kd5 59. Rh1 Ra3+ 60. Kc2 Ra2+ 61. Kb3 Rxg2 62. Rxh4 Rh2 0-1


[Site "https://www.chess.com"]

[Event "Titled Tuesday Blitz April 4 Late 2023"]
[White "Manzone, Alessandro"]
[Black "Senthilkumar, Pranav"]
[WhiteFideId "112488"]
[BlackFideId "2083477"]
[WhiteElo "2255"]
[BlackElo "1860"]
[Result "1-0"]
[Round "09"]
[TimeControl "180+2"]
[Date "2023.04.04"]
[WhiteClock "0:01:42"]
[BlackClock "0:01:05"]

1. d4 Nf6 2. c4 e6 3. Nc3 Bb4 4. g3 d5 5. Bg2 O-O 6. Nf3 Ne4 7. Qd3 Nxc3 8. bxc3 Be7 9. O-O Bd7 10. Ne5 c6 11. cxd5 cxd5 12. e4 Bc6 13. Nxc6 Nxc6 14. exd5 exd5 15. Qb5 Rc8 16. Qxd5 Qb6 17. Qb3 Qc7 18. Bf4 Qd7 19. Qa4 Rfd8 20. Rab1 a6 21. Rb6 Bf6 22. Rfb1 Nxd4 23. Qxd7 Ne2+ 24. Kf1 Rxd7 25. Kxe2 g6 1-0


[Site "https://www.chess.com"]

[Event "Titled Tuesday Blitz April 4 Late 2023"]
[White "Santos Flores, Alberto"]
[Black "Skvortsov, Andrei"]
[WhiteFideId "3601234"]
[BlackFideId "24108600"]
[WhiteElo "2235"]
[BlackElo "2259"]
[Result "1/2-1/2"]
[Round "09"]
[TimeControl "180+2"]
[Date "2023.04.04"]
[WhiteClock "0:00:50"]
[BlackClock "0:00:14"]

1. d4 d5 2. Bf4 c6 3. c3 Bf5 4. Nd2 Nd7 5. e3 Ngf6 6. h3 Qb6 7. Qb3 e6 8. Ngf3 Be7 9. Nh4 Bg6 10. Nxg6 hxg6 11. Bd3 Bd8 12. O-O Bc7 13. Qxb6 Bxb6 14. e4 Nxe4 15. Nxe4 dxe4 16. Bxe4 Nf6 17. Bf3 Nd5 18. Bd2 O-O-O 19. b4 Bc7 20. a4 Bf4 21. Bxf4 Nxf4 22. b5 Kc7 23. Rfb1 Rb8 24. a5 cxb5 25. Rxb5 a6 26. Rc5+ Kd6 27. Rb1 Nd5 28. c4 Nc3 29. Rxb7 Rxb7 30. Bxb7 Ne2+ 31. Kh2 Nxd4 32. Rc8 Rxc8 33. Bxc8 Nc6 34. Bxa6 Nxa5 35. Bb5 g5 36. Kg3 f6 37. Kg4 Nb3 38. Kh5 Ke7 39. Kg6 Kf8 40. g3 Nc5 41. f3 Nd3 42. h4 gxh4 43. gxh4 Ne5+ 44. Kh7 Nxf3 45. h5 Nd4 46. Ba4 Nf5 47. c5 Ne7 48. c6 Nd5 49. Bb3 Nc7 50. Kg6 e5 51. Bc2 Ne6 52. Be4 Ke7 53. c7 Nxc7 54. Kxg7 Ne6+ 55. Kg6 Nf4+ 56. Kh6 Ke6 57. Bg6 f5 58. Kg7 Nxh5+ 59. Bxh5 e4 60. Kg6 f4 61. Kg5 f3 62. Kf4 Kd5 63. Bxf3 exf3 64. Kxf3 1/2-1/2


[Site "https://www.chess.com"]